| TOP OF THE 1ST |
|
Oklahoma City 89ers batting - Pitching for Iowa Oaks : RHP Robert Almeraz
|
|
Pitching: RHP Robert Almeraz
|
|
|
Batting: RHB James Glenn
|
0-0: Ground out 5-3 (Groundball, 56, EV 99.4 MPH)
|
|
Batting: RHB John Christensen
|
0-0: Fly out, F8 (Flyball, 8RXD, EV 98.1 MPH)
|
|
Batting: RHB David Green
|
0-0: Ball 1-0: Ball 2-0: Called Strike 2-1: Foul Ball, location: 2F 2-2: Foul Ball, location: 2F 2-2: Foul Ball, location: 2F 2-2: Fly out, F9 (Flyball, 9D, EV 103.8 MPH)
|
| Top of the 1st over - 0 runs, 0 hits, 0 errors, 0 left on base; Oklahoma City 0 - Iowa 0 |
| BOTTOM OF THE 1ST |
|
Iowa Oaks batting - Pitching for Oklahoma City 89ers : RHP Chris Whitt
|
|
Pitching: RHP Chris Whitt
|
|
|
Batting: LHB Gary Jones
|
0-0: Ball 1-0: Ball 2-0: Ball 3-0: Called Strike 3-1: Swinging Strike 3-2: Base on Balls
|
|
Batting: SHB Rod Craig
|
0-0: Fielders Choice at 2nd, 1-6 (Groundball, 34S, EV 71.9 MPH)
|
|
Batting: RHB Mark Benson
|
0-0: Called Strike Rod Craig steals 2nd base 0-1: Ball 1-1: Foul Ball, location: 2F 1-2: Ball 2-2: Ground out U3 (Groundball, 34, EV 85.0 MPH) Rod Craig to third
|
|
Batting: SHB Mike Turgeon
|
0-0: Called Strike 0-1: Ball 1-1: Ball 2-1: Foul Ball, location: 2F 2-2: Ground out 5-3 (Groundball, 5S, EV 81.3 MPH)
|
| Bottom of the 1st over - 0 runs, 0 hits, 0 errors, 1 left on base; Oklahoma City 0 - Iowa 0 |
| TOP OF THE 2ND |
|
Oklahoma City 89ers batting - Pitching for Iowa Oaks : RHP Robert Almeraz
|
|
Batting: RHB Cecil Fielder
|
0-0: SOLO HOME RUN (Flyball, 89XD, EV 100.0 MPH), Distance : 455 ft
|
|
Batting: LHB Tom O'Malley
|
0-0: Ball 1-0: Called Strike 1-1: Called Strike 1-2: SINGLE (Line Drive, 89S, EV 99.4 MPH)
|
|
Batting: RHB Tim Tolman
|
0-0: Ball 1-0: Foul Ball, location: 2F 1-1: Swinging Strike 1-2: SINGLE (Flyball, 89S, EV 86.3 MPH) Tom O'Malley to second
|
|
Batting: RHB Nick Esasky
|
0-0: Ball 1-0: Ball 2-0: Ball 3-0: Called Strike 3-1: Base on Balls Tom O'Malley to third Tim Tolman to second
|
|
Batting: RHB Ron Tingley
|
0-0: Ball Wild Pitch! Tom O'Malley scores Tim Tolman to third Nick Esasky to second 1-0: Called Strike 1-1: Foul Ball, location: 2F 1-2: Ball 2-2: Strikes out swinging
|
|
Batting: RHB Danny Jasso
|
0-0: Swinging Strike 0-1: Swinging Strike 0-2: Foul Ball, location: 2F 0-2: Strikes out looking
|
|
Batting: RHB James Glenn
|
0-0: Ground out 6-3 (Groundball, 6, EV 85.6 MPH)
|
| Top of the 2nd over - 2 runs, 3 hits, 0 errors, 2 left on base; Oklahoma City 2 - Iowa 0 |
| BOTTOM OF THE 2ND |
|
Iowa Oaks batting - Pitching for Oklahoma City 89ers : RHP Chris Whitt
|
|
Batting: RHB Dave F Schmidt
|
0-0: Called Strike 0-1: Foul Ball, location: 2F 0-2: Foul Ball, location: 2F 0-2: Ball 1-2: Ball 2-2: SINGLE (Flyball, 7LM, EV 102.5 MPH)
|
|
Batting: RHB Edgar Flores
|
0-0: Ball 1-0: Foul Ball, location: 2F 1-1: Swinging Strike 1-2: Ball 2-2: Ball 3-2: 2-RUN HOME RUN (Flyball, 7LD, EV 102.5 MPH), Distance : 361 ft
|
|
Batting: SHB Michael Pace
|
0-0: Ball 1-0: Foul Ball, location: 2F 1-1: Ball 2-1: Ball 3-1: Base on Balls
|
|
Batting: RHB Ronald Hess
|
0-0: Ball 1-0: Ball 2-0: Foul Ball, location: 2F 2-1: Ball 3-1: Called Strike 3-2: Strikes out swinging Michael Pace steals 2nd base (no throw) Batter strikes out.
|
|
Batting: LHB Wayne Krenchicki
|
0-0: Called Strike 0-1: Foul Ball, location: 2F 0-2: Strikes out swinging
|
|
Batting: LHB Gary Jones
|
0-0: Ball 1-0: Foul Ball, location: 2F 1-1: Ball 2-1: Swinging Strike 2-2: Ground out 4-3 (Groundball, 4, EV 86.3 MPH)
|
| Bottom of the 2nd over - 2 runs, 2 hits, 0 errors, 1 left on base; Oklahoma City 2 - Iowa 2 |
| TOP OF THE 3RD |
|
Oklahoma City 89ers batting - Pitching for Iowa Oaks : RHP Robert Almeraz
|
|
Batting: RHB John Christensen
|
0-0: Foul Ball, location: 2F 0-1: Swinging Strike 0-2: Foul Ball, location: 2F 0-2: Foul Ball, location: 2F 0-2: SINGLE (Groundball, 25, EV 76.3 MPH) (infield hit)
|
|
Batting: RHB David Green
|
0-0: Ball 1-0: Swinging Strike 1-1: Foul Ball, location: 2F 1-2: Fly out, F7 (Line Drive, 7, EV 89.4 MPH)
|
|
Batting: RHB Cecil Fielder
|
0-0: Ball 1-0: Fly out, F8 (Flyball, 8RXD, EV 102.5 MPH) Runner from 1st tags up, SAFE at 2nd
|
|
Batting: LHB Tom O'Malley
|
0-0: Called Strike 0-1: Called Strike 0-2: Ball 1-2: Ground out 4-3 (Groundball, 4, EV 103.8 MPH)
|
| Top of the 3rd over - 0 runs, 1 hit, 0 errors, 1 left on base; Oklahoma City 2 - Iowa 2 |
| BOTTOM OF THE 3RD |
|
Iowa Oaks batting - Pitching for Oklahoma City 89ers : RHP Chris Whitt
|
|
Batting: SHB Rod Craig
|
0-0: Ball 1-0: Called Strike 1-1: Ball 2-1: Ball 3-1: Foul Ball, location: 2F 3-2: Foul Ball, location: 2F 3-2: Strikes out swinging
|
|
Batting: RHB Mark Benson
|
0-0: Called Strike 0-1: Ball 1-1: Ball 2-1: Foul Ball, location: 2F 2-2: Ball 3-2: SINGLE (Line Drive, 4MD, EV 94.4 MPH)
|
|
Batting: SHB Mike Turgeon
|
0-0: Foul Ball, location: 2F 0-1: Swinging Strike 0-2: Ball 1-2: SINGLE (Groundball, 56S, EV 71.9 MPH) (infield hit) Mark Benson to second
|
|
Batting: RHB Dave F Schmidt
|
0-0: Ball 1-0: Ball 2-0: Called Strike 2-1: Foul Ball, location: 2F 2-2: Grounds into double play, U5-3 (Groundball, 5L, EV 90.0 MPH)
|
| Bottom of the 3rd over - 0 runs, 2 hits, 0 errors, 1 left on base; Oklahoma City 2 - Iowa 2 |
| TOP OF THE 4TH |
|
Oklahoma City 89ers batting - Pitching for Iowa Oaks : RHP Robert Almeraz
|
|
Batting: RHB Tim Tolman
|
0-0: Swinging Strike 0-1: Ball 1-1: Foul Ball, location: 2F 1-2: Ball 2-2: Fly out, F6 (Line Drive, 6, EV 72.5 MPH)
|
|
Batting: RHB Nick Esasky
|
0-0: Ball 1-0: Foul Ball, location: 2F 1-1: Ball 2-1: Foul Ball, location: 2F 2-2: Ground out 5-3 (Groundball, 56S, EV 70.0 MPH)
|
|
Batting: RHB Ron Tingley
|
0-0: Ball 1-0: Swinging Strike 1-1: Ball 2-1: Ground out 1-3 (Groundball, 13, EV 68.8 MPH)
|
| Top of the 4th over - 0 runs, 0 hits, 0 errors, 0 left on base; Oklahoma City 2 - Iowa 2 |
| BOTTOM OF THE 4TH |
|
Iowa Oaks batting - Pitching for Oklahoma City 89ers : RHP Chris Whitt
|
|
Batting: RHB Edgar Flores
|
0-0: Ball 1-0: Ball 2-0: Called Strike 2-1: Foul Ball, location: 2F 2-2: Foul Ball, location: 2F 2-2: Ball 3-2: Base on Balls
|
|
Batting: SHB Michael Pace
|
0-0: Ball 1-0: Foul Ball, location: 2F 1-1: Foul Ball, location: 2F 1-2: SINGLE (Line Drive, 6MD, EV 98.1 MPH) Edgar Flores to second
|
|
Batting: RHB Ronald Hess
|
0-0: Ball 1-0: Fielders Choice at 2nd, 5-4 (Groundball, 56S, EV 90.0 MPH) Edgar Flores to third
|
|
Batting: LHB Wayne Krenchicki
|
0-0: Ball 1-0: SINGLE (Line Drive, 4MD, EV 99.4 MPH) Edgar Flores scores Ronald Hess to second Runner from 2nd tries for 3rd, SAFE, no throw by CF
|
|
Batting: LHB Gary Jones
|
0-0: Called Strike Wayne Krenchicki steals 2nd base 0-1: Ball 1-1: Ball 2-1: Swinging Strike 2-2: Ball 3-2: Strikes out swinging
|
|
Batting: SHB Rod Craig
|
0-0: Called Strike 0-1: Ground out 4-3 (Groundball, 4M, EV 103.1 MPH)
|
| Bottom of the 4th over - 1 run, 2 hits, 0 errors, 2 left on base; Oklahoma City 2 - Iowa 3 |
| TOP OF THE 5TH |
|
Oklahoma City 89ers batting - Pitching for Iowa Oaks : RHP Robert Almeraz
|
|
Batting: RHB Danny Jasso
|
0-0: Ball 1-0: Called Strike 1-1: Ball 2-1: Ground out 6-3 (Groundball, 56D, EV 96.9 MPH)
|
|
Batting: RHB James Glenn
|
0-0: Called Strike 0-1: Ball 1-1: Foul Ball, location: 2F 1-2: Ball 2-2: Ground out 6-3 (Groundball, 56, EV 105.6 MPH)
|
|
Batting: RHB John Christensen
|
0-0: Called Strike 0-1: Fly out, F8 (Flyball, 89D, EV 83.1 MPH)
|
| Top of the 5th over - 0 runs, 0 hits, 0 errors, 0 left on base; Oklahoma City 2 - Iowa 3 |
| BOTTOM OF THE 5TH |
|
Iowa Oaks batting - Pitching for Oklahoma City 89ers : RHP Chris Whitt
|
|
Batting: RHB Mark Benson
|
0-0: Ball 1-0: Called Strike 1-1: Foul Ball, location: 2F 1-2: Ball 2-2: Ground out 1-3 (Groundball, 13S, EV 63.8 MPH)
|
|
Batting: SHB Mike Turgeon
|
0-0: Foul Ball, location: 2F 0-1: Foul Ball, location: 2F 0-2: Ball 1-2: Strikes out swinging
|
|
Batting: RHB Dave F Schmidt
|
0-0: Called Strike 0-1: Ground out 5-3 (Groundball, 56, EV 83.8 MPH)
|
| Bottom of the 5th over - 0 runs, 0 hits, 0 errors, 0 left on base; Oklahoma City 2 - Iowa 3 |
| TOP OF THE 6TH |
|
Oklahoma City 89ers batting - Pitching for Iowa Oaks : RHP Robert Almeraz
|
|
Batting: RHB David Green
|
0-0: Ball 1-0: SINGLE (Groundball, 6M, EV 99.4 MPH) (infield hit)
|
|
Batting: RHB Cecil Fielder
|
0-0: Ball 1-0: Grounds into double play, 6-4-3 (Groundball, 6, EV 81.9 MPH)
|
|
Batting: LHB Tom O'Malley
|
0-0: Ball 1-0: Swinging Strike 1-1: Ball 2-1: Ground out 4-3 (Groundball, 4, EV 87.5 MPH)
|
| Top of the 6th over - 0 runs, 1 hit, 0 errors, 0 left on base; Oklahoma City 2 - Iowa 3 |
| BOTTOM OF THE 6TH |
|
Iowa Oaks batting - Pitching for Oklahoma City 89ers : RHP Chris Whitt
|
|
Batting: RHB Edgar Flores
|
0-0: Swinging Strike 0-1: Ball 1-1: Ball 2-1: Ball 3-1: Ground out 6-3 (Groundball, 6, EV 83.1 MPH)
|
|
Batting: SHB Michael Pace
|
0-0: Ball 1-0: Foul Ball, location: 2F 1-1: Called Strike 1-2: Fly out, F7 (Flyball, 7, EV 88.1 MPH)
|
|
Batting: RHB Ronald Hess
|
0-0: Ball 1-0: Ball 2-0: Ball 3-0: Called Strike 3-1: Base on Balls
|
|
Batting: LHB Wayne Krenchicki
|
0-0: DOUBLE (Line Drive, 89D, EV 105.6 MPH) Ronald Hess to third Runner from 3rd tries for Home, SAFE, throw by CF to home
|
|
Batting: LHB Gary Jones
|
0-0: Called Strike 0-1: Swinging Strike 0-2: SINGLE (Flyball, 34D, EV 91.3 MPH) Wayne Krenchicki to third Runner from 3rd tries for Home, throw by RF and OUT! 9-2
|
| Bottom of the 6th over - 1 run, 2 hits, 0 errors, 1 left on base; Oklahoma City 2 - Iowa 4 |
| TOP OF THE 7TH |
|
Oklahoma City 89ers batting - Pitching for Iowa Oaks : RHP Robert Almeraz
|
|
Batting: RHB Tim Tolman
|
0-0: Ball 1-0: Called Strike 1-1: Ground out U3 (Groundball, 34, EV 81.9 MPH)
|
|
Batting: RHB Nick Esasky
|
0-0: Ball 1-0: Ball 2-0: Called Strike 2-1: Foul Ball, location: 2F 2-2: Foul Ball, location: 2F 2-2: Ball 3-2: Foul Ball, location: 2F 3-2: Foul Ball, location: 2F 3-2: Base on Balls
|
|
Batting: RHB Ron Tingley
|
0-0: Grounds into double play, 4-6-3 (Groundball, 4, EV 79.4 MPH)
|
| Top of the 7th over - 0 runs, 0 hits, 0 errors, 0 left on base; Oklahoma City 2 - Iowa 4 |
| BOTTOM OF THE 7TH |
|
Iowa Oaks batting - Pitching for Oklahoma City 89ers : RHP Chris Whitt
|
|
Batting: SHB Rod Craig
|
0-0: Called Strike 0-1: Foul Ball, location: 2F 0-2: Ball 1-2: Ball 2-2: Ground out U3 (Groundball, 34, EV 79.4 MPH)
|
|
Batting: RHB Mark Benson
|
0-0: Called Strike 0-1: Fly out, F6 (Flyball, 56D, EV 88.1 MPH)
|
|
Batting: SHB Mike Turgeon
|
0-0: Called Strike 0-1: Ball 1-1: Ball 2-1: Foul Ball, location: 2F 2-2: Fly out, F9 (Flyball, 89D, EV 100.6 MPH)
|
| Bottom of the 7th over - 0 runs, 0 hits, 0 errors, 0 left on base; Oklahoma City 2 - Iowa 4 |
| TOP OF THE 8TH |
|
Oklahoma City 89ers batting - Pitching for Iowa Oaks : RHP Robert Almeraz
|
|
Batting: RHB Danny Jasso
|
0-0: Called Strike 0-1: Fly out, F7 (Line Drive, 7, EV 95.0 MPH)
|
|
Batting: RHB James Glenn
|
0-0: Reached on error, E5 (Groundball, 56, EV 85.0 MPH)
|
|
Batting: RHB John Christensen
|
0-0: Called Strike 0-1: Ball 1-1: Foul Ball, location: 2F 1-2: Ball 2-2: Fly out, F8 (Line Drive, 8RD, EV 90.6 MPH)
|
|
Batting: RHB David Green
|
0-0: Ball 1-0: Called Strike 1-1: Ball 2-1: Swinging Strike 2-2: Ball 3-2: Base on Balls
|
|
Batting: RHB Cecil Fielder
|
0-0: Ball 1-0: Called Strike 1-1: Ball 2-1: Ground out 6-3 (Groundball, 4M, EV 86.9 MPH)
|
| Top of the 8th over - 0 runs, 0 hits, 1 error, 2 left on base; Oklahoma City 2 - Iowa 4 |
| BOTTOM OF THE 8TH |
|
Iowa Oaks batting - Pitching for Oklahoma City 89ers : RHP Chris Whitt
|
|
Pitching: RHP Bob Forsch
|
|
|
Batting: RHB Dave F Schmidt
|
0-0: Swinging Strike 0-1: Foul Ball, location: 2F 0-2: Ball 1-2: Foul Ball, location: 2F 1-2: Strikes out looking
|
|
Batting: RHB Edgar Flores
|
0-0: Reached on error, E5 (Groundball, 56S, EV 70.0 MPH)
|
|
Batting: SHB Michael Pace
|
0-0: Ball 1-0: Fly out, F9 (Flyball, 9LM, EV 82.5 MPH)
|
|
Batting: RHB Ronald Hess
|
0-0: Called Strike Edgar Flores steals 2nd base (no throw) 0-1: Ball 1-1: Ball Wild Pitch! Edgar Flores to third 2-1: Ground out 6-3 (Groundball, 6, EV 81.3 MPH)
|
| Bottom of the 8th over - 0 runs, 0 hits, 1 error, 1 left on base; Oklahoma City 2 - Iowa 4 |
| TOP OF THE 9TH |
|
Oklahoma City 89ers batting - Pitching for Iowa Oaks : RHP Robert Almeraz
|
|
Pitching: RHP DeWayne Buice
|
|
|
Batting: LHB Tom O'Malley
|
0-0: Ball 1-0: SOLO HOME RUN (Flyball, 89XD, EV 101.3 MPH), Distance : 389 ft
|
|
Batting: RHB Tim Tolman
|
0-0: Foul Ball, location: 2F 0-1: Ground out 4-3 (Groundball, 34, EV 107.5 MPH)
|
|
Batting: RHB Nick Esasky
|
0-0: Fly out, F9 (Flyball, 9LD, EV 101.9 MPH)
|
|
Pinch Hitting: LHB Jorge Oquendo
|
0-0: Called Strike 0-1: Ball 1-1: Swinging Strike 1-2: Ball 2-2: Strikes out swinging
|
| Top of the 9th over - 1 run, 1 hit, 0 errors, 0 left on base; Oklahoma City 3 - Iowa 4 |
|